 Dungeon Crawl Stone Soup version 0.31-a0-175-g9f7f995f2b (webtiles) character file.

Game seed: 11382074681918972090

112 zazu2006 the Changer (level 4, -2/32 HPs)
             Began as a Gnoll Wanderer on June 17, 2023.
             Slain by a gnoll
             ... wielding a +0 spear
              (4 damage)
             ... on level 3 of the Dungeon.
             The game lasted 00:04:26 (2788 turns).

zazu2006 the Changer (Gnoll Wanderer)               Turns: 2788, Time: 00:04:26

Health: -2/32      AC:  3    Str:  9    XL:     4   Next: 93%
Magic:  13/17      EV: 13    Int: 13    God:
Gold:   31         SH:  0    Dex: 14    Spells: 8/9 levels left

rFire   . . .        a - +0 falchion
rCold   . . .        (no shield)
rNeg    . . .        d - +0 robe
rPois   .            (no helmet)
rElec   .            (no cloak)
rCorr   .            (no gloves)
SInv    .            b - +0 pair of boots
Will    .....        (no amulet)
Stlth   ++           o - ring of magical power
HPRegen 0.25/turn    (no ring)
MPRegen 0.15/turn

%: no passive effects
@: no status effects
A: fangs 1, strong nose, distributed training
a: no special abilities


You were on level 3 of the Dungeon.
You visited 1 branch of the dungeon, and saw 3 of its levels.

You collected 31 gold pieces.

Inventory:

Hand Weapons
 a - a +0 falchion (weapon)
Missiles
 f - 11 poisoned darts (quivered)
 g - 2 atropa-tipped darts
Armour
 b - a +0 pair of boots (worn)
 d - a +0 robe (worn)
Jewellery
 o - a ring of magical power (left hand)
Scrolls
 c - a scroll of summoning
 h - 3 scrolls of identify {unknown}
 j - a scroll of brand weapon {unknown}
 k - a scroll of teleportation {unknown}
 l - a scroll of enchant armour {unknown}
 m - 3 scrolls of blinking {unknown}
 n - a scroll of poison {unknown}
 p - a scroll of amnesia {unknown}
Potions
 e - a potion of mutation {unknown}
 i - a potion of heal wounds {unknown}


   Skills:
 + Level 1.3 Fighting
 + Level 1.3 Short Blades
 + Level 4.7 Long Blades
 + Level 1.3 Axes
 + Level 1.3 Maces & Flails
 + Level 1.3 Polearms
 + Level 1.3 Staves
 + Level 1.3 Ranged Weapons
 + Level 1.3 Throwing
 + Level 2.9 Armour
 + Level 2.9 Dodging
 + Level 2.7 Stealth
 + Level 1.3 Shields
 + Level 1.3 Unarmed Combat
 + Level 3.1 Spellcasting
 + Level 1.1 Conjurations
 + Level 1.1 Hexes
 + Level 1.1 Summonings
 + Level 1.1 Necromancy
 + Level 1.1 Translocations
 + Level 5.5 Transmutations
 + Level 1.1 Fire Magic
 + Level 1.1 Ice Magic
 + Level 1.1 Air Magic
 + Level 1.1 Earth Magic
 + Level 1.1 Poison Magic
 + Level 1.5 Invocations
 + Level 2.9 Evocations


You had 8 spell levels left.
You knew the following spells:

 Your Spells              Type           Power      Damage    Failure   Level
a - Sting                 Tmut/Pois      40%        1d5       6%          1

Your spell library contained the following spells:

 Spells                   Type           Power      Damage    Failure   Level
 Beastly Appendage        Tmut           32%        N/A       2%          1
 Spider Form              Tmut/Pois      10%        N/A       17%         3


Dungeon Overview and Level Annotations

Branches:
Dungeon (3/15)

Altars:

Shops:
D:1 (   D:3 !


Innate Abilities, Weirdness & Mutations

You have very sharp teeth.
Your uncanny sense of smell can sniff out nearby items.
Your experience applies equally to all skills.


Message History

Casting: Sting (safe; 6% risk of failure)
Confirm with . or Enter, or press ? or * to list all spells.
You can't see any susceptible monsters within range! (Use Z to cast anyway.) Throw: 13 darts (poison)
Press: ? - help, Q - select action, (/) - cycle Shift-Dir - straight line, f - gnoll
Aim: a gnoll, wielding a +0 spear (61% to hit)
You throw a poisoned dart. The poisoned dart hits the gnoll.
The gnoll is poisoned.
Unknown command.
Throw: 12 darts (poison)
Press: ? - help, Q - select action, (/) - cycle Shift-Dir - straight line, f/p - gnoll
Aim: a gnoll, wielding a +0 spear (lightly wounded, poisoned, 61% to hit)
You throw a poisoned dart. The poisoned dart hits the gnoll.
The gnoll looks even sicker.
The gnoll is lightly wounded.
Casting: Sting (safe; 6% risk of failure)
Confirm with . or Enter, or press ? or * to list all spells.
Aiming: Sting (safe; 6% risk of failure)
Press: ? - help, Shift-Dir - straight line, f/p - gnoll
Aim: a gnoll, wielding a +0 spear (moderately wounded, very poisoned, 75% to hit)
The sting hits the gnoll but does no damage.
The gnoll looks even sicker.
The gnoll is moderately wounded.
The gnoll hits you with a +0 spear.
You closely miss the gnoll. You bite the gnoll, but do no damage.
The gnoll is moderately wounded.
The gnoll hits you with a +0 spear.
You barely miss the gnoll.
The gnoll is moderately wounded.
The gnoll hits you with a +0 spear!
You hit the gnoll.
The gnoll is severely wounded.
The gnoll hits you with a +0 spear.
* * * LOW HITPOINT WARNING * * *
You hit the gnoll.
The gnoll is severely wounded.
The gnoll hits you with a +0 spear.
* * * LOW HITPOINT WARNING * * *
The gnoll hits you with a +0 spear.
You die...

######## #......#######
#.####......[.
###########....########.
#..(((g@)).<...# #.
#.#########....#### ###.
#.# #.........###... #.#
#.......[..>..#. #.#
#....)....#####. ### #.#
##.....#### #.. ..# #g#
######.#...#######.. #.#
#.# #.....<.............
#.# #.#
#.####.###########.#


You could see a gnoll (very poisoned).

Vanquished Creatures
  3 gnolls (D:3)
  2 adders (D:3)
  2 worms
  A dart slug (D:1)
  An orc (D:3)
  3 endoplasms
  12 giant cockroaches (D:2)
  4 goblins
  6 hobgoblins
  2 jackals (D:1)
  A quokka (D:1)
  2 ball pythons
  5 bats
  A frilled lizard (D:2)
  5 kobolds
  3 rats
53 creatures vanquished.

Notes
Turn   | Place    | Note
-------+----------+-------------------------------------------
     0 | D:1      | zazu2006 the Gnoll Wanderer began the quest for the Orb.
     0 | D:1      | zazu2006 set off with the following items: a +0 falchion, a
                  | +0 pair of boots, a scroll of summoning, a +0 robe; and the
                  | following spells available to memorise: Beastly Appendage,
                  | Sting, Spider Form.
     0 | D:1      | Reached XP level 1. HP: 13/13 MP: 4/4
     2 | D:1      | Learned a level 1 spell: Sting
   171 | D:1      | Reached XP level 2. HP: 19/19 MP: 2/5
   321 | D:1      | Found Retiz's Weapon Shop.
  1016 | D:2      | Reached XP level 3. HP: 14/25 MP: 0/7
  1232 | D:2      | Reached skill level 1 in Invocations
  1269 | D:2      | Reached skill level 1 in Fighting
  1269 | D:2      | Reached skill level 1 in Short Blades
  1269 | D:2      | Reached skill level 1 in Axes
  1269 | D:2      | Reached skill level 1 in Maces & Flails
  1269 | D:2      | Reached skill level 1 in Polearms
  1269 | D:2      | Reached skill level 1 in Staves
  1269 | D:2      | Reached skill level 1 in Ranged Weapons
  1269 | D:2      | Reached skill level 1 in Throwing
  1269 | D:2      | Reached skill level 1 in Shields
  1269 | D:2      | Reached skill level 1 in Unarmed Combat
  1957 | D:3      | Reached XP level 4. HP: 13/32 MP: 0/8
  2395 | D:3      | Found Olebog's Distillery.
  2612 | D:3      | Reached skill level 1 in Conjurations
  2612 | D:3      | Reached skill level 1 in Hexes
  2612 | D:3      | Reached skill level 1 in Summonings
  2612 | D:3      | Reached skill level 1 in Necromancy
  2612 | D:3      | Reached skill level 1 in Translocations
  2612 | D:3      | Reached skill level 1 in Fire Magic
  2612 | D:3      | Reached skill level 1 in Ice Magic
  2612 | D:3      | Reached skill level 1 in Air Magic
  2612 | D:3      | Reached skill level 1 in Earth Magic
  2612 | D:3      | Reached skill level 1 in Poison Magic
  2788 | D:3      | Slain by a gnoll

Illustrated notes

Levels and vault maps discovered:
D:1:      lemuel_arrival_lava_pool, layout_loops_ring, serial_shops, shop
D:2:      minmay_roachtagon, layout_loops_ring, nicolae_titane,
          uniq_crazy_yiuf_cottage
D:3:      layout_loops_ring, serial_shops, nicolae_shop_stone, st_stairs_14

Skill      XL: |  1  2  3  4 |
---------------+-------------+-----
Invocations    | 1 |  1.5
Fighting       | 1 |  1.3
Short Blades   | 1 |  1.3
Axes           | 1 |  1.3
Maces & Flails | 1 |  1.3
Polearms       | 1 |  1.3
Staves         | 1 |  1.3
Ranged Weapons | 1 |  1.3
Throwing       | 1 |  1.3
Shields        | 1 |  1.3
Unarmed Combat | 1 |  1.3
Spellcasting   | 3 |  3.1
Conjurations   | 1 |  1.1
Hexes          | 1 |  1.1
Summonings     | 1 |  1.1
Necromancy     | 1 |  1.1
Translocations | 1 |  1.1
Fire Magic     | 1 |  1.1
Ice Magic      | 1 |  1.1
Air Magic      | 1 |  1.1
Earth Magic    | 1 |  1.1
Poison Magic   | 1 |  1.1
Long Blades    | |  4.7
Armour         | |  2.9
Dodging        | |  2.9
Stealth        | |  2.7
Transmutations | |  5.5
Evocations     | |  2.9

Action                     |  1- 3 |  4- 6 || total
---------------------------+-------+-------++-------
  Melee: Falchion          |    69 |    17 ||    86
         Bite              |     9 |     2 ||    11
         Punch             |       |     1 ||     1
  Throw: Dart              |     2 |     3 ||     5
   Cast: Sting             |    56 |    27 ||    83
   Stab: Sleeping          |     1 |     1 ||     2
 Armour: Robe              |    22 |     7 ||    29
  Dodge: Dodged            |    67 |    16 ||    83

Table legend: (Time is in decaauts)
 A = Elapsed time spent in this place.
 B = Non-inter-level travel time spent in this place.
 C = Inter-level travel time spent in this place.
 D = Time resting spent in this place.
 E = Time spent auto-exploring this place.
 F = Levels seen in this place.
 G = Mean time per level.
                   A        B        C        D        E       F      G
               +--------+--------+--------+--------+--------+-----+--------+
         Total |   2793 |   2661 |    132 |     85 |   2130 |   3 |  931.0 |
       Dungeon |   2793 |   2661 |    132 |     85 |   2130 |   3 |  931.0 |
               +--------+--------+--------+--------+--------+-----+--------+

Top non-repeatable levels by time:
     D:2: 1015 daAuts
     D:1: 900 daAuts
     D:3: 877 daAuts
